 Dungeon Crawl Stone Soup version 0.28.0 (webtiles) character file.

Game seed: 2676605610265542517

23 Dirian the Magician (level 2, 0/25 HPs)
             Began as a Hill Orc Wanderer on Feb 15, 2022.
             Slain by an adder (1 damage)
             ... on level 2 of the Dungeon.
             The game lasted 00:01:36 (1545 turns).

Dirian the Magician (Hill Orc Wanderer)             Turns: 1545, Time: 00:01:37

Health: 0/25       AC:  9    Str: 11    XL:     2   Next: 95%
Magic:  6/6        EV:  4    Int: 14    God:
Gold:   39         SH:  0    Dex: 11    Spells: 6/7 levels left

rFire   . . .      SeeInvis .   i - +0 hand axe
rCold   . . .      Faith    .   (no shield)
rNeg    + . .      Spirit   .   h - +0 chain mail
rPois   .          Reflect  .   (no helmet)
rElec   .          Harm     .   k - +0 cloak
rCorr   .          Rampage  .   (no gloves)
Will    .....                   (no boots)
Stlth   ..........              e - amulet of magic regeneration
HPRegen 0.08/turn               g - ring of positive energy
MPRegen 0.50/turn               (no ring)

@: lethally poisoned (0 -> -2)
A: no striking features
a: no special abilities


You were on level 2 of the Dungeon.
You visited 1 branch of the dungeon, and saw 2 of its levels.

You collected 39 gold pieces.

Inventory:

Hand Weapons
 a - a +0 club
 i - a +0 hand axe (weapon)
Armour
 b - a +0 robe
 d - a +0 plate armour
 h - a +0 chain mail (worn)
 k - a +0 cloak (worn)
Jewellery
 e - an amulet of magic regeneration (around neck)
 g - a ring of positive energy (left hand)
Scrolls
 j - a scroll of identify {unknown}
 l - a scroll of enchant armour {unknown}
 t - 2 scrolls of teleportation
Potions
 c - 4 potions of curing {unknown}
 f - a potion of resistance {unknown}


   Skills:
 + Level 2.8 Fighting
 * Level 2.0 Axes
 - Level 1.0 Throwing
 + Level 1.0 Armour
 - Level 1.5 Stealth
 + Level 1.0 Shields
 - Level 3.2 Spellcasting


You had 6 spell levels left.
You knew the following spells:

 Your Spells              Type           Power      Damage    Failure   Level
a - Foxfire               Conj/Fire      8%         2x1d4     100%        1

Your spell library contained the following spells:

 Spells                   Type           Power      Damage    Failure   Level
 Sublimation of Blood     Necr           2%         N/A       100%        2
 Frozen Ramparts          Ice            4%         1d2       100%        3
 Portal Projectile        Hex/Tloc       4%         N/A       100%        3
 Alistair's Intoxication  Tmut/Pois      1%         N/A       100%        5
 Borgnjor's Vile Clutch   Necr/Erth      1%         N/A       100%        5
 Eringya's Noxious Bog    Tmut/Pois      1%         N/A       100%        6


Dungeon Overview and Level Annotations

Branches:
Dungeon (2/15)

Altars:


Message History

You hit the dart slug.
You kill the dart slug!
You barely miss the adder. You hit the dart slug.
You feel sick. The adder bites you but does no damage.
The dart slug bites you but does no damage.
Your Axes skill increases to level 2!
Your Armour skill increases to level 1!
Your Shields skill increases to level 1!
You feel sick. The adder bites you.
You see here a dart slug corpse.
You feel sick. The dart slug launches a dart at you. The slug dart hits you.
You feel sick.
You feel sick. The adder bites you.
You are more poisoned.
The adder poisons you!
You feel sick.
You feel sick.
You closely miss the adder.
You feel sick.
The adder bites you but does no damage. x2
You hit the adder.
The adder is heavily wounded.
You feel sick. The adder bites you.
* * * LOW HITPOINT WARNING * * *
You are lethally poisoned!
The adder poisons you!
You hit the adder.
The adder is severely wounded.
* * * LOW HITPOINT WARNING * * *
You feel sick. The adder barely misses you. x2
You barely miss the adder.
The adder is severely wounded.
* * * LOW HITPOINT WARNING * * *
You feel sick. The adder bites you but does no damage.
You miss the adder.
The adder is severely wounded.
* * * LOW HITPOINT WARNING * * *
You feel sick. The adder bites you but does no damage. The adder bites you.
You die...

#.#######...#####..........#.....
#.# #...# #.#.....#.####### #.#
#...# #.#.....#.# #.. ..# #..(#
#.........# #.# ### ##...###
#####.###### #.# # #####......#
#..........# #.# # ........##.#
#.##.......# #..
$####...†#.###.##..#.#..####..
#..#...wS@................
.......#.###.##..#.#..#####.
####..#.#.# #..........# #.
.........# ###.......# ##
.......### #.####### #####.##
...# #. #### #.


You could see an adder and a dart slug.

Vanquished Creatures
  2 dart slugs
  2 endoplasms (D:2)
  A giant cockroach (D:2)
  A goblin (D:2)
  A hobgoblin (D:2)
  A quokka (D:1)
  4 ball pythons (D:2)
  2 bats (D:1)
  2 frilled lizards (D:2)
  2 rats (D:1)
18 creatures vanquished.

Notes
Turn   | Place    | Note
-------+----------+-------------------------------------------
     0 | D:1      | Dirian the Hill Orc Wanderer began the quest for the Orb.
     0 | D:1      | Dirian set off with the following items: a +0 club, a +0
                  | robe, 2 scrolls of teleportation; and the following spell
                  | memorised: Foxfire; and the following spells available to
                  | memorise: Sublimation of Blood, Frozen Ramparts, Portal
                  | Projectile
     0 | D:1      | Reached XP level 1. HP: 18/18 MP: 4/4
   527 | D:1      | Reached skill level 1 in Axes
   628 | D:1      | Reached XP level 2. HP: 16/25 MP: 6/6
  1117 | D:2      | Found a faded altar of an unknown god.
  1535 | D:2      | Reached skill level 1 in Armour
  1535 | D:2      | Reached skill level 1 in Shields
  1545 | D:2      | HP: 1/25 [poisoned by an adder]
  1545 | D:2      | Slain by an adder

Illustrated notes

Levels and vault maps discovered:
D:1:      scummos_arrival_checkerplants, layout_loops_ring,
          kennysheep_pointless_box
D:2:      layout_loops_cross, ebering_ecumenical_altar_webs

Skill      XL: |  1  2 |
---------------+-------+-----
Axes           | 1 2 |  2.0
Armour         | 1 |  1.0
Shields        | 1 |  1.0
Fighting       | |  2.8
Throwing       | |  1.0
Stealth        | |  1.5
Spellcasting   | |  3.2

Action                   || total
-------------------------++-------
Melee: Club              ||    10
       Hand axe          ||    53
 Stab: Sleeping          ||     1
Armor: Chain mail        ||    32
       Robe              ||     2
Dodge: Dodged            ||    15
